 Dungeon Crawl Stone Soup version 0.20-a0-1039-gf554463 (webtiles) character file.

25 MatthieuS the Digger (level 3, -2/20 HPs)
             Began as a Gargoyle Earth Elementalist on Apr 22, 2017.
             Killed from afar by Sigmund (8 damage)
             ... with a magic dart
             ... on level 2 of the Dungeon.
             The game lasted 00:07:37 (1559 turns).

MatthieuS the Digger (Gargoyle Earth Elementalist)  Turns: 1559, Time: 00:07:38

Health: -2/20      AC:  5    Str: 12    XL:     3   Next: 6%
Magic:  3/6        EV: 12    Int: 15    God:
Gold:   72         SH:  0    Dex: 10    Spells: 5/6 levels left

rFire    . . .     SeeInvis .   g - +0 whip (freeze)
rCold    . . .     Gourm    .   (no shield)
rNeg     + . .     Faith    .   c - +0 robe
rPois    ∞         Spirit   .   (no helmet)
rElec    +         Reflect  .   (no cloak)
rCorr    .         Harm     .   (no gloves)
MR       +....                  (no boots)
Stlth    ++........             (no amulet)
Regen    0.1/turn               m - ring of protection from magic
MPRegen  0.1/turn               (no ring)

@: no status effects
A: negative energy resistance 1, electricity resistance, unbreathing,
petrification resistance, rot immunity, AC +3
a: no special abilities


You were on level 2 of the Dungeon.
You were very hungry.

You visited 1 branch of the dungeon, and saw 2 of its levels.

You collected 72 gold pieces.

Inventory:

Hand Weapons
 g - a +0 whip of freezing (weapon)
Missiles
 b - 25 stones (quivered)
 h - 20 poisoned needles
Armour
 c - a +0 robe (worn)
Jewellery
 m - a ring of protection from magic (left hand)
Scrolls
 j - a scroll of amnesia {unknown}
Potions
 f - a potion of lignification {unknown}
 i - a potion of degeneration {unknown}
 k - a potion of magic {unknown}
 l - a potion of flight {unknown}
Books
 e - a book of Geomancy

   Spells                             Type                      Level
   a - Sandblast                      Earth                        1
   b - Passwall                       Transmutation/Earth          2
   c - Stone Arrow                    Conjuration/Earth            3
   d - Petrify                        Transmutation/Earth          4
   e - Lee's Rapid Deconstruction     Earth                        5
Comestibles
 d - a bread ration


   Skills:
 + Level 0.9 Fighting
 - Level 1.7 Dodging
 - Level 2.4 Stealth
 + Level 2.3 Spellcasting
   Level 0.7 Transmutations
 + Level 4.1 Earth Magic


You had 5 spell levels left.
You knew the following spells:

 Your Spells              Type           Power        Failure   Level  Hunger
a - Sandblast             Erth           ##....       3%          1    #......


Dungeon Overview and Level Annotations

Branches:
Dungeon (2/15)

Altars:

Annotations:
D:2 Sigmund


Innate Abilities, Weirdness & Mutations

You are resistant to torment.
Your stone body is resilient. (AC +3)
You are immune to poison.
You resist negative energy. (rN+)
You are resistant to electric shocks. (rElec)
You can survive without breathing.
You are immune to petrification.
You are immune to rotting.


Message History

Press: ? - help, Shift-Dir - straight line The blast of sand hits something.
b - 27 stones
Casting: Sandblast
Confirm with . or Enter, or press ? or * to list all spells.
Aiming: Sandblast
Press: ? - help, Shift-Dir - straight line
b - 26 stones Something hits you.
* * * LOW HITPOINT WARNING * * *
Casting: Sandblast
Confirm with . or Enter, or press ? or * to list all spells.
Aiming: Sandblast
Press: ? - help, Shift-Dir - straight line The blast of sand hits something.
b - 25 stones You hear some strange, mumbled words.
A magic dart appears from out of thin air!
The magic dart hits you!
You die...

#.# #.#
#.# #.#
#.# #.#
#.# #.#
#.# #.#
#.# #.#
#.# #.#
#.####.#
#..%@..#
######.#
#.# ###


There were no monsters in sight!

Vanquished Creatures
  2 dart slugs (D:1)
  2 leopard geckos
  A giant cockroach (D:1)
  A goblin (D:1)
  3 hobgoblins (D:1)
  A jackal (D:1)
  A ball python (D:1)
  5 frilled lizards (D:1)
  2 kobolds (D:1)
  3 rats (D:1)
21 creatures vanquished.

Vanquished Creatures (others)
  4 toadstools (D:1)
4 creatures vanquished.

Grand Total: 25 creatures vanquished

Notes
Turn   | Place    | Note
-------+----------+-------------------------------------------
     0 | D:1      | MatthieuS the Gargoyle Earth Elementalist began the quest for the Orb.
     0 | D:1      | Reached XP level 1. HP: 10/10 MP: 3/3
   335 | D:1      | Reached XP level 2. HP: 15/15 MP: 3/5
   667 | D:1      | Reached skill level 4 in Earth Magic
  1226 | D:1      | Reached XP level 3. HP: 10/20 MP: 4/6
  1511 | D:2      | Noticed Sigmund
  1559 | D:2      | Killed from afar by Sigmund

Vault maps used:
D:1:      ldierk_water_garden
D:2:      marbit_many_paths, minmay_tree_intersection, ashenzari_altar_1,
          uniq_sigmund

Skill      XL: |  1  2 |
---------------+-------+-----
Earth Magic    | 4 |  4.1
Fighting       | |  0.9
Dodging        | |  1.7
Stealth        | |  2.4
Spellcasting   | |  2.3
Transmutations | |  0.7

Action                   || total
-------------------------++-------
Melee: Whip              ||    58
Throw: Stone             ||    25
 Cast: Sandblast         ||    12
 Stab: Sleeping          ||     2
  Eat: Chunk             ||     1
Armor: Robe              ||    18
Dodge: Dodged            ||    41
